 Dungeon Crawl Stone Soup version 0.22-a0-147-gfdd7f25 (webtiles) character file.

10023 tof the Basher (level 11, -1/98 (99) HPs)
             Began as a Minotaur Fighter on Feb 6, 2018.
             Was a High Priest of Okawaru.
             Slain by a wolf (3 damage)
             ... on level 1 of the Lair of Beasts.
             The game lasted 00:20:19 (14827 turns).

tof the Basher (Minotaur Fighter)                  Turns: 14827, Time: 00:20:19

HP:   -1/98 (99)    AC: 10    Str: 22    XL:     11   Next: 30%
MP:   14/14         EV:  6    Int:  5    God:    Okawaru [*****.]
Gold: 507           SH: 17    Dex: 12    Spells: 10/10 levels left

rFire    . . .     SeeInvis .   y - +0 whip (pain)
rCold    . . .     Gourm    .   n - +0 large shield
rNeg     . . .     Faith    +   b - +0 scale mail
rPois    .         Spirit   .   (helmet restricted)
rElec    .         Reflect  .   (no cloak)
rCorr    .         Harm     .   (no gloves)
MR       .....                  x - +0 pair of boots
Stlth    ..........             N - amulet of faith
HPRegen  0.26/turn              (no ring)
MPRegen  0.14/turn              (no ring)

@: no status effects
A: retaliatory headbutt, horns 2
a: Heroism, Finesse, Renounce Religion


You were on level 1 of the Lair of Beasts.
You worshipped Okawaru.
Okawaru was extremely pleased with you.
You were hungry.

You visited 3 branches of the dungeon, and saw 13 of its levels.

You collected 507 gold pieces.

Inventory:

Hand Weapons
 a - a +0 flail
 y - a +0 whip of pain (weapon)
Missiles
 s - 2 exploding tomahawks {!f}
 t - 25 tomahawks (quivered)
Armour
 b - a +0 scale mail (worn)
 c - a +0 shield
 n - a +0 large shield (worn)
 x - a +0 pair of boots (worn)
Jewellery
 I - an uncursed amulet of rage
 N - an amulet of faith (around neck)
Wands
 w - a wand of digging (14)
 D - a wand of scattershot (12)
 H - a wand of flame (24)
 J - a wand of paralysis (8)
 L - a wand of acid (8)
Scrolls
 e - 3 scrolls of enchant armour
 h - a scroll of fear
 j - 4 scrolls of magic mapping
 m - 8 scrolls of remove curse
 o - 3 scrolls of teleportation
 q - 3 scrolls of amnesia
 F - 2 scrolls of fog
Potions
 d - 3 potions of might
 g - 4 potions of agility
 i - 2 potions of heal wounds {unknown}
 k - 10 potions of curing {unknown}
 l - a potion of haste {unknown}
 p - a potion of cancellation {unknown}
 r - a potion of ambrosia {unknown}
 z - a potion of flight {unknown}
 A - a potion of brilliance {unknown}
 C - a potion of berserk rage {unknown}
 E - 2 potions of mutation {unknown}
 G - a potion of invisibility {unknown}
 M - 2 potions of degeneration {unknown}
Comestibles
 f - 12 rations
 u - 2 chunks of flesh


   Skills:
 + Level 9.7 Fighting
 * Level 12.5 Maces & Flails
 + Level 3.1 Throwing
 + Level 9.6 Armour
 + Level 9.6 Shields
 + Level 5.3 Invocations


You had 10 spell levels left.
You didn't know any spells.

Dungeon Overview and Level Annotations

Branches:
Dungeon (11/15)            Temple (1/1) D:5            Lair (1/6) D:10
    Orc: D:9-12

Altars:
Ashenzari
Cheibriados
Dithmenos
Elyvilon
Fedhas
Gozag
Hepliaklqana
Kikubaaqudgha
Makhleb
Nemelex Xobeh
Okawaru
Qazlal
Ru
Sif Muna
Trog
Uskayaw
Vehumet
Wu Jian
Xom
Yredelemnul
Zin
The Shining One

Shops:
D:9 %   D:10 [??

Annotations:
D:7 exclusion: ice statue
D:8 1 runed door


Innate Abilities, Weirdness & Mutations

You reflexively headbutt those who attack you in melee.
You have a pair of horns on your head.


Message History

The bullfrog hits you but does no damage.
You block the bullfrog's attack. You block the wolf's attack.
You block the bullfrog's attack.
An iguana comes into view.
The iguana hisses angrily.
The wolf bites you.
* * * LOW HITPOINT WARNING * * *
The wolf barely misses you.
As you read the scroll of fog, it crumbles to dust.
The scroll dissolves into smoke.
The bullfrog hits you but does no damage. x2
Your magical contamination has completely faded away.
You block the wolf's attack. You block the iguana's attack.
You block the bullfrog's attack. The iguana bites you.
* * * LOW HITPOINT WARNING * * *
The wolf closely misses you. You furiously retaliate!
You headbutt the wolf! The wolf bites you.
You die...

########....### ###.............
............#.####..#.....#......
##########.......................
# #.........######.#..h... #
#..........# #.#.h.... #
#.........## ##.##'####
######.........#####P.th.....
#####.##.#......h.hh§§.h.........
................@hlF§§§h.........
###.####.######.####§##########.#
### ### ### ### ###


You could see 4 wolves, a bullfrog and an iguana.

Vanquished Creatures
  A two-headed ogre (D:10)
  Nergalle (Lair:1)
  Psyche (D:9)
  2 komodo dragons (Lair:1)
  A troll (D:11)
  4 blink frogs (Lair:1)
  Sigmund (D:2)
  A hippogriff (D:9)
  2 wyverns (D:9)
  The ghost of tof the Cudgeler, an amateur MiFi of Okawaru (D:4)
  9 yaks
  Menkaure (D:6)
  A water moccasin (Lair:1)
  Duvessa (D:7)
  4 porcupines
  4 ice beasts
  2 orc warriors
  A necrophage (D:9)
  A black bear (D:10)
  2 sky beasts
  6 ogres
  4 wolves (D:10)
  A phantom (D:10)
  4 centaurs
  A big kobold (D:9)
  4 crocodiles
  2 bullfrogs
  Dowan (D:7)
  6 killer bees (D:7)
  2 howler monkeys
  2 crimson imps
  A quasit (D:10)
  2 bullfrog zombies
  2 hounds (D:6)
  2 jellies
  7 orc wizards
  An orc priest (D:3)
  A centaur skeleton (D:8)
  3 bullfrog skeletons
  7 iguanas
  Natasha (thrice) (D:2)
  4 worker ants
  A killer bee zombie (D:6)
  2 hound skeletons
  8 adders
  2 shadow imps
  2 oozes
  An adder zombie (D:8)
  A dart slug (D:2)
  A worm (D:4)
  6 leopard geckos
  25 orcs
  10 bats
  A giant cockroach (D:7)
  6 goblins
  8 hobgoblins
  14 jackals
  5 quokkas
  2 ball pythons
  3 frilled lizards
  A giant cockroach zombie (D:6)
  13 kobolds
  A leopard gecko zombie (D:8)
  A quokka skeleton (D:5)
  8 rats
229 creatures vanquished.

Vanquished Creatures (others)
  A bush (D:1)
  A fungus (Lair:1)
  5 plants
7 creatures vanquished.

Grand Total: 236 creatures vanquished

Notes
Turn   | Place    | Note
-------+----------+-------------------------------------------
     0 | D:1      | tof the Minotaur Fighter began the quest for the Orb.
     0 | D:1      | Reached XP level 1. HP: 19/19 MP: 0/0
   141 | D:1      | Reached XP level 2. HP: 27/27 MP: 1/1
   174 | D:1      | Reached skill level 3 in Maces & Flails
   699 | D:1      | Reached XP level 3. HP: 29/33 MP: 2/2
  1243 | D:2      | Noticed Natasha
  1250 | D:2      | Killed Natasha
  1250 | D:2      | Reached XP level 4. HP: 23/40 MP: 3/3
  1488 | D:2      | Noticed Sigmund
  1510 | D:2      | Killed Sigmund
  1510 | D:2      | Reached skill level 5 in Maces & Flails
  1510 | D:2      | Reached XP level 5. HP: 14/47 MP: 4/4
  1843 | D:2      | Noticed Natasha
  1845 | D:2      | Killed Natasha
  1847 | D:2      | Reached XP level 6. HP: 55/55 MP: 5/5
  2310 | D:2      | Noticed Natasha
  2318 | D:2      | Killed Natasha
  2517 | D:3      | Reached skill level 5 in Fighting
  2517 | D:3      | Reached skill level 5 in Shields
  2791 | D:3      | Found a basalt altar of Yredelemnul.
  2937 | D:3      | Reached skill level 5 in Armour
  3667 | D:4      | Reached skill level 6 in Maces & Flails
  4034 | D:4      | Reached XP level 7. HP: 55/61 MP: 6/6
  4197 | D:4      | Noticed tof's ghost (amateur MiFi)
  4749 | D:4      | Killed tof's ghost
  4941 | D:5      | Entered Level 5 of the Dungeon
  5150 | D:5      | Reached skill level 7 in Maces & Flails
  5353 | D:5      | Reached XP level 8. HP: 35/70 MP: 7/7
  5683 | D:5      | Found a staircase to the Ecumenical Temple.
  5694 | Temple   | Entered the Ecumenical Temple
  6420 | D:6      | Found a blossoming altar of Fedhas.
  6560 | D:6      | Noticed Menkaure
  6571 | D:6      | HP: 3/71 [Menkaure (11)]
  6572 | D:6      | Killed Menkaure
  6572 | D:6      | Reached skill level 8 in Maces & Flails
  6952 | D:6      | Found an iron altar of Okawaru.
  6955 | D:6      | Became a worshipper of Warmaster Okawaru
  7589 | D:7      | Noticed an ice statue
  7973 | D:6      | Reached * piety under Okawaru
  8061 | D:7      | Reached skill level 9 in Maces & Flails
  8126 | D:7      | Reached skill level 1 in Invocations
  8126 | D:7      | Reached XP level 9. HP: 50/79 MP: 8/8
  8431 | D:7      | Noticed Duvessa
  8431 | D:7      | Noticed Dowan
  8618 | D:7      | Killed Duvessa
  8623 | D:7      | Killed Dowan
  8895 | D:7      | Reached ** piety under Okawaru
  8895 | D:7      | Reached skill level 10 in Maces & Flails
  9761 | D:8      | Found an ornate altar of the Wu Jian Council.
  9915 | D:8      | Found a runed door.
  9915 | D:8      | Noticed a cyclops
  9915 | D:8      | Noticed a manticore
  9915 | D:8      | Noticed a great orb of eyes
  9917 | D:8      | Noticed a freezing wraith
  9917 | D:8      | Noticed a centaur warrior
  9917 | D:8      | Noticed a five-headed hydra
 10632 | D:9      | Reached *** piety under Okawaru
 10632 | D:9      | Reached XP level 10. HP: 75/89 MP: 11/11
 10855 | D:9      | Found a deep blue altar of Sif Muna.
 10881 | D:9      | Noticed Psyche
 10888 | D:9      | Paralysed by Psyche for 3 turns
 10897 | D:9      | Killed Psyche
 10897 | D:9      | Reached skill level 11 in Maces & Flails
 11501 | D:9      | Found Gupos's Food Shop.
 11584 | D:9      | Found a shattered altar of Ashenzari.
 11725 | D:10     | Entered Level 10 of the Dungeon
 11829 | D:10     | Reached skill level 1 in Throwing
 12175 | D:9      | Reached **** piety under Okawaru
 12387 | D:10     | Found a staircase to the Lair.
 12488 | D:10     | Noticed a two-headed ogre
 12759 | D:10     | Found Riri's Magic Scroll Emporium.
 12911 | D:10     | Found Raodum's Magic Scroll Shop.
 12918 | D:10     | Received a gift from Okawaru
 12988 | D:10     | Found Lusoy's Antique Armour Emporium.
 13024 | D:10     | Killed a two-headed ogre
 13024 | D:10     | Reached skill level 12 in Maces & Flails
 13339 | D:11     | Reached XP level 11. HP: 75/96 MP: 13/13
 13489 | D:11     | Reached ***** piety under Okawaru
 13736 | Lair:1   | Entered Level 1 of the Lair of Beasts
 13970 | Lair:1   | Reached skill level 5 in Invocations
 14521 | Lair:1   | Noticed Nergalle
 14669 | Lair:1   | Killed Nergalle
 14787 | Lair:1   | HP: 4/98 [spiny frog (9)]
 14826 | Lair:1   | HP: 2/98 [iguana (5)]
 14827 | Lair:1   | Slain by a wolf

Vault maps used:
D:1:      erik_arrival_blinker_ship, lexackson_kobold_supper
D:2:      uniq_sigmund, uniq_natasha
D:3:      lemuel_doored_altar, first_ration
D:5:      temple_hall, hex_intersection
D:6:      kennysheep_mini, basic_altar, uniq_menkaure
D:7:      lemuel_ice_statue, uniq_duvessa
D:8:      minmay_gate_of_8, lemuel_crystal_altar
D:9:      nicolae_overflow_hidden_temple, marbit_many_paths, serial_shops, shop,
          uniq_psyche
D:10:     minmay_lair_entry_grove, serial_shops, shop_statue,
          kennysheep_little_box, nicolae_shop_trees, shop, shop
D:11:     statuecave_lemuel, orc_0_dummy, kennysheep_generic_room_10, uniq_urug
Temple:   regret_index_temple_sphere_string
Lair:1:   beast_lair_carwin_large_1, basic_altar, uniq_nergalle

Skill      XL: |  1  2  3  4  5  6  7  8  9 10 11 |
---------------+----------------------------------+-----
Maces & Flails | 3 5 6 7 9 10 12 | 12.5
Fighting       | 4 5 6 7 8 9 |  9.7
Armour         | 4 5 6 7 8 9 |  9.6
Shields        | 4 5 6 7 8 9 |  9.6
Invocations    | 1 3 4 5 |  5.3
Throwing       | 2 3 |  3.1

Action                   |  1- 3 |  4- 6 |  7- 9 | 10-12 || total
-------------------------+-------+-------+-------+-------++-------
Melee: Flail             |    91 |   127 |       |       ||   218
       Headbutt          |    19 |    17 |   109 |   115 ||   260
       Whip              |       |    34 |   495 |   483 ||  1012
Throw: Tomahawk          |       |       |       |     1 ||     1
Invok: Heroism           |       |       |     3 |     7 ||    10
       Finesse           |       |       |       |     2 ||     2
  Use: Scroll            |       |       |       |    18 ||    18
  Eat: Chunk             |     1 |     9 |    14 |    13 ||    37
       Ration            |       |       |     2 |       ||     2
Armor: Scale mail        |    30 |    56 |   117 |   101 ||   304
Dodge: Dodged            |    22 |    35 |    97 |    81 ||   235
Block: Shield            |    37 |    76 |   204 |   110 ||   427
       Large shield      |       |       |       |    83 ||    83

Table legend:
 A = Spawn XP
 B = Non-spawn XP
 C = Spawn XP percentage of total XP
 D = Spawn monster count
 E = Non-spawn monster count
 F = Spawn count percentage of total count
 G = Total turns spent on level
                    A         B        C        D         E        F      G
               +---------+---------+-------+---------+---------+-------+---------
         Total |       0 |   14319 |   0.0 |       0 |     229 |   0.0 | 14827
               +---------+---------+-------+---------+---------+-------+---------
           D:1 |       0 |      46 |   0.0 |       0 |      27 |   0.0 |  1052
           D:2 |       0 |     391 |   0.0 |       0 |      24 |   0.0 |  1350
           D:3 |       0 |      97 |   0.0 |       0 |      19 |   0.0 |   923
           D:4 |       0 |     567 |   0.0 |       0 |      21 |   0.0 |  1616
           D:5 |       0 |     373 |   0.0 |       0 |       9 |   0.0 |  1193
           D:6 |       0 |    1066 |   0.0 |       0 |      22 |   0.0 |  2109
           D:7 |       0 |    2459 |   0.0 |       0 |      29 |   0.0 |  1274
           D:8 |       0 |     197 |   0.0 |       0 |       8 |   0.0 |   749
           D:9 |       0 |    2969 |   0.0 |       0 |      24 |   0.0 |  1836
          D:10 |       0 |    2636 |   0.0 |       0 |      28 |   0.0 |  1256
          D:11 |       0 |     569 |   0.0 |       0 |       7 |   0.0 |   426
        Lair:1 |       0 |    2949 |   0.0 |       0 |      11 |   0.0 |   912
               +---------+---------+-------+---------+---------+-------+---------
